 Dungeon Crawl Stone Soup version 0.22-a0-15-g4f60a598d5 (webtiles) character file.

0 Manul the Ducker (level 1, -12/11 HPs)
             Began as a Spriggan Abyssal Knight on Jan 2, 2018.
             Was a Follower of Lugonu.
             Killed from afar by a smoke demon (23 damage)
             ... with a ball of steam
             ... on level 1 of the Abyss.
             The game lasted 00:00:36 (195 turns).

Manul the Ducker (Spriggan Abyssal Knight)           Turns: 195, Time: 00:00:37

Health: -12/11     AC:  2    Str:  8    XL:     1   Next: 0%
Magic:  3/3        EV: 18    Int: 13    God:    Lugonu [*.....]
Gold:   15         SH:  0    Dex: 15    Spells: 0/0 levels left

rFire    . . .     SeeInvis +   a - +1 short sword
rCold    . . .     Gourm    .   (shield restricted)
rNeg     . . .     Faith    .   b - +0 robe
rPois    .         Spirit   .   (helmet restricted)
rElec    .         Reflect  .   (no cloak)
rCorr    .         Harm     .   (gloves unavailable)
MR       .....                  (boots unavailable)
Stlth    +.........             (no amulet)
HPRegen  0.03/turn              (no ring)
MPRegen  0.08/turn              (no ring)

@: very quick
A: very small, unfitting armour, see invisible, herbivore, speed 3, slow
metabolism 2
a: Depart the Abyss, Renounce Religion


You were on level 1 of the Abyss.
You worshipped Lugonu.
Lugonu was aware of your devotion.
You were not hungry.

You visited 0 branches of the dungeon, and saw 0 of its levels.
You visited the Abyss 1 time.

You collected 15 gold pieces.

Inventory:

Hand Weapons
 a - a +1 short sword (weapon)
Armour
 b - a +0 robe (worn)
Comestibles
 c - a ration


   Skills:
 + Level 2.4 Fighting
 + Level 2.1 Short Blades
 + Level 3.5 Dodging
 + Level 1.7 Invocations


You couldn't memorise any spells.
You didn't know any spells.

Dungeon Overview and Level Annotations

Branches:
Dungeon (0/15)

Altars:


Innate Abilities, Weirdness & Mutations

You are very small and have problems with some larger weapons.
You are too small for most types of armour.
You have supernaturally acute eyesight. (SInv)
You are a herbivore.
You cover ground extremely quickly.
You need consume almost no food.


Message History

You feel yourself growing ill in the presence of the ancient zyme.
A worldbinder comes into view.
The worldbinder calls forth creatures from the Vaults!
A purple very ugly thing comes into view.
The ironheart preserver mumbles some strange words.
The ironheart preserver begins to accept its allies' injuries.
The yaktaur wields a runed arbalest.
The yaktaur shoots a bolt.
The bolt closely misses you.
The bolt disappears in a puff of smoke!
The worldbinder calls forth creatures from the Vaults!
A tentacled starspawn comes into view.
Tentacles burst from the starspawn's body! 2 starspawn tentacles come into view.
The tentacled starspawn moves out of view.
Found a gateway leading deeper into the Abyss.
A smoke demon comes into view.
The smoke demon roars!
The smoke demon gestures at you. The ball of steam hits you!
Ouch! That really hurt!
You die...

## ... ... ##
#.. . ###..
###
#....###.3.#
#..#.§§.##
#..@§#...#
##.#...#..#
..##.....#
####.#.###...
#. #.#.#.# .#
.. ##....#. #
. ##..#.##.#
..
###....#...#
#.
#...####.##.


There were no monsters in sight!

Vanquished Creatures (others)
  2 starspawn tentacles (Abyss:1)
2 creatures vanquished.

Notes
Turn   | Place    | Note
-------+----------+-------------------------------------------
     0 | Abyss:1  | Manul the Spriggan Abyssal Knight began the quest for the Orb.
     0 | Abyss:1  | Reached XP level 1. HP: 11/11 MP: 3/3
    78 | Abyss:1  | Noticed a large abomination
    94 | Abyss:1  | Noticed a shadow
    95 | Abyss:1  | Noticed a quasit
   126 | Abyss:1  | Noticed an ancient zyme
   159 | Abyss:1  | Noticed a worldbinder
   162 | Abyss:1  | Noticed an ironheart preserver
   162 | Abyss:1  | Noticed a yaktaur
   162 | Abyss:1  | Noticed a yaktaur
   163 | Abyss:1  | Noticed a purple very ugly thing
   182 | Abyss:1  | Noticed a tentacled starspawn
   192 | Abyss:1  | Noticed a smoke demon
   195 | Abyss:1  | Killed from afar by a smoke demon

Vault maps used:

Action                   || total
-------------------------++-------
Dodge: Dodged            ||     1

Table legend:
 A = Spawn XP
 B = Non-spawn XP
 C = Spawn XP percentage of total XP
 D = Spawn monster count
 E = Non-spawn monster count
 F = Spawn count percentage of total count
 G = Total turns spent on level
                    A         B        C        D         E        F      G
               +---------+---------+-------+---------+---------+-------+---------
         Total |       0 |       0 |   N/A |       0 |       0 |   N/A |   195
               +---------+---------+-------+---------+---------+-------+---------
               +---------+---------+-------+---------+---------+-------+---------
